[Event "Early-Titled-Tuesday-Blitz-October-17-2023"]
[Site "Chess.com"]
[Date "2023.10.17"]
[Round "2"]
[White "Alexander_Donchenko"]
[Black "Keeper0416"]
[Result "1-0"]
[WhiteElo "2872"]
[BlackElo "2590"]
[TimeControl "180+1"]
[EndTime "8:20:01 PDT"]
[Termination "Alexander_Donchenko won by resignation"]

1. Nf3 c5 2. c4 Nc6 3. Nc3 g6 4. e3 Nf6 5. d4 cxd4 6. exd4 d5 7. cxd5 Nxd5 8. Qb3 e6 9. Bb5 Bg7 10. O-O O-O 11. Bxc6 bxc6 12. Re1 Qb6 13. Qc2 Nb4 14. Qd1 Ba6 15. Na4 Qb5 16. Nc5 Nd3 17. a4 Qc4 18. b3 Qxc5 19. dxc5 Nxe1 20. Ra2 Nd3 21. Be3 Rfd8 22. Rd2 Rd5 23. Ne1 Bc3 24. Nxd3 Bxd2 25. Nf4 Rd7 26. h4 Rad8 27. Bxd2 Rxd2 28. Qf3 e5 29. Nh3 Bc8 30. Ng5 Bf5 31. Qxc6 h6 32. Nf3 Rd1+ 33. Kh2 e4 34. Ne5 R1d5 35. Qf6 Be6 36.
Nxg6 fxg6 37. Qxg6+ Kf8 38. Qxe6 Rxc5 39. Qf6+ Ke8 40.
Qe6+ Kf8 41. Qxh6+ Ke7 42. Qg7+ Kd6 43. Qxa7 Rdc8 44.
a5 Rh5 45. Qb6+ Rc6 46. Qd8+ Kc5 47. g3 e3 48. fxe3 Rd5 49. Qb8 Rd2+ 50. Kh3 Rcd6 51. b4+ Kc4 52. b5 Rd1 53. a6 Rg6 54. a7 Rh1+ 55.
Kg2 Rc1 56. a8=Q Rc2+ 57. Kh3 1-0

[Event "Early-Titled-Tuesday-Blitz-October-17-2023"]
[Site "Chess.com"]
[Date "2023.10.17"]
[Round "2"]
[White "Ural_bogatyr"]
[Black "Khuslen2008"]
[Result "1-0"]
[WhiteElo "2521"]
[BlackElo "2302"]
[TimeControl "180+1"]
[EndTime "8:20:01 PDT"]
[Termination "Ural_bogatyr won on time"]

1. d4 Nf6 2. Nc3 d5 3. Bf4 g6 4.
e3 Bg7 5. Nb5 Na6 6. Nc3 Nb8 7.
Be2 O-O 8. h3 c5 9. Nf3 cxd4 10.
exd4 Nc6 11. O-O Bf5 12. Ne5 Rc8 13. a3 Qb6 14. Nxc6 bxc6 15. Na4 Qb7 16. Be5 Nd7 17. Bxg7 Kxg7 18. b4 Rfe8 19. c4 dxc4 20. Bxc4 Nb6 21. Nc5 Qc7 22. Ba2 e5 23. dxe5 Qxe5 24.
Qb3 Nd5 25. Qa4 Nc3 26. Qxa7 Ne2+ 27. Kh1 Qf6 28. Bc4 Nf4 29. Rae1 Rxe1 30. Rxe1 Nxh3 31. gxh3 Bxh3 32. Re3 Bg4 33. Ne4 Qh4+ 34. Kg2 Rf8 35. Qc7 Bf5 36. Qe5+ f6 37. Qe7+ Kh6 38. Qxf8+ Kh5 39. Ng3+ Kg5 40. Qd6 Qh3+ 41. Kg1 h5 42. Nxf5 Qxf5 43. Rg3+ Kh6 44. Qd2+ g5 45. Bd3 Qe5 46.
Qe3 h4 47. Qxe5 fxe5 48. Re3 1-0

[Event "Early-Titled-Tuesday-Blitz-October-17-2023"]
[Site "Chess.com"]
[Date "2023.10.17"]
[Round "2"]
[White "suyu28"]
[Black "ural58"]
[Result "1-0"]
[WhiteElo "2721"]
[BlackElo "2532"]
[TimeControl "180+1"]
[EndTime "8:20:02 PDT"]
[Termination "suyu28 won by resignation"]

1. e4 d5 2. exd5 Qxd5 3. Nf3 Bg4 4. Be2 Nc6 5. d4 O-O-O 6. c4 Qf5 7. Be3 e5 8. d5 Bb4+ 9. Kf1 e4 10. Nh4 Bxe2+ 11. Qxe2 Qf6 12. dxc6 Qxh4 13. a3 Be7 14. cxb7+ Kb8 15. Nc3 Nf6 16. h3 Nd7 17. g3 Qf6 18. Kg2 Qf3+ 19. Qxf3 exf3+ 20. Kxf3 Ne5+ 21. Ke2 Nxc4 22. Rad1 Nxe3 23. fxe3 Kxb7 24. Nd5 Bd6 25. g4 h5 26. g5 Be5 27. Rhf1 Rhf8 28. b3 c6 29. Nf4 Bxf4 30. Rxf4 Rxd1 31. Kxd1 Kc7 32.
Kc2 Kd6 33. Kc3 Ke6 34. Ra4 Kf5 35. h4 Ra8 36. Rf4+ Ke6 37. Kc4 Rb8 38. b4 Rb5 39.
Re4+ Kd7 40. Rd4+ Ke7 41. Re4+ Kd7 42. a4 Rf5 43. Rf4 Rxf4+ 44. exf4 Kd6 45. Kd4 a6 46. f5 f6 47. g6 Kd7 48. Kc5 Kc7 49. a5 Kd7 50.
Kb6 Kd6 51. Kxa6 Ke5 52. Kb6 Kxf5 53. a6 Kg4 54. a7 1-0

[Event "Early-Titled-Tuesday-Blitz-October-17-2023"]
[Site "Chess.com"]
[Date "2023.10.17"]
[Round "2"]
[White "Josgar05"]
[Black "ukchessbomber"]
[Result "0-1"]
[WhiteElo "2338"]
[BlackElo "2643"]
[TimeControl "180+1"]
[EndTime "8:20:02 PDT"]
[Termination "ukchessbomber won by checkmate"]

1. Nf3 b5 2. b3 Bb7 3. Bb2 e6 4. d3 d5 5. Nbd2 Nf6 6. g3 Be7 7. Bg2 O-O 8. O-O Nbd7 9. e4 dxe4 10. dxe4 Nxe4 11. Ng5 Nxd2 12. Bxb7 Nxf1 13. Nh3 Rb8 14. Bg2 Nxh2 15. Kxh2 Bf6 16. Bxf6 Qxf6 17. Rc1 Rfd8 18. Qe2 h6 19. Nf4 Nb6 20. Be4 Nd5 21. Nh5 Qb2 22.
Rd1 Nc3 23. Rxd8+ Rxd8 24. Qg4 Nxe4 25. Qxe4 Qd4 26. Qf3 Qd5 27. Qe2 Qd1 28. Qe5 Qd4 29. Qe2 a6 30. Nf4 Qc3 31. Qe4 Qd2 32. Kg1 Qd1+ 33.
Kh2 Qd4 34. Qe2 Qb6 35. Nd3 g6 36. Qg4 Qd4 37. Qf3 c5 38. Kg1 c4 39. Nf4 Qd1+ 40.
Qxd1 Rxd1+ 41. Kg2 Ra1 42. bxc4 bxc4 43. Ne2 Rxa2 44. Nd4 Rb2 45. c3 a5 46. Nc6 a4 47.
Na5 a3 48. Nxc4 a2 49. Nxb2 a1=Q 50. Nd3 Qxc3 51. Nf4 h5 52. Kh2 Qc6 53. Kg1 Qf3 54. Kh2 Kg7 55. Kg1 Kf6 56. Ng2 Qa8 57. Nf4 Kf5 58. Ng2 g5 59. Ne3+ Kg6 60. Kh2 Qa1 61. Kg2 Qa8+ 62. Kg1 Qc6 63. Kh2 f5 64. Ng2 e5 65.
Ne3 f4 66. Ng2 f3 67. Ne3 g4 68. Kg1 Qc1+ 69. Nf1 Qe1 70. Kh2 Qxf2+ 71. Kh1 Qxf1+ 72. Kh2 Qe2+ 73. Kh1 Qg2# 0-1

[Event "Early-Titled-Tuesday-Blitz-October-17-2023"]
[Site "Chess.com"]
[Date "2023.10.17"]
[Round "2"]
[White "JuniorJumper"]
[Black "krzyzan94"]
[Result "0-1"]
[WhiteElo "2559"]
[BlackElo "2796"]
[TimeControl "180+1"]
[EndTime "8:20:03 PDT"]
[Termination "krzyzan94 won by resignation"]

1. d4 Nf6 2. c4 e6 3. Nc3 Bb4 4. Bd2 b6 5. e3 Bb7 6. Nf3 O-O 7. Bd3 d5 8. cxd5 exd5 9. Rc1 Be7 10. Ne5 c5 11. O-O Nc6 12. f4 cxd4 13. Nxc6 Bxc6 14. exd4 b5 15. a3 Qb6 16. Ne2 a5 17. Kh1 b4 18.
axb4 axb4 19. Be1 Bb5 20. Bh4 Rfe8 21. Ng3 Ne4 22. Bxb5 Nxg3+ 23. Bxg3 Qxb5 24. f5 Bf6 25. Rc5 Qe2 26. Qb1 Bxd4 27. Rxd5 Qxb2 28. Qd3 Bf6 29. h3 Qc3 30. Rb1 Ra3 31. Qxc3 bxc3 32. Bd6 c2 33. Rc1 Rc3 34. Rc5 Rxc5 35. Bxc5 Re2 36. Kg1 Bb2 37. Kf1 Bxc1 38. Kxe2 Bf4 39. Ba3 c1=Q 40. Bxc1 Bxc1 41. Kf3 f6 42. Ke4 Kf7 43. Kd5 Ke7 44. g4 Kd7 45.
Kc5 Bg5 46. Kd5 Bh4 47. Kc5 Bg3 48. Kd5 Bd6 49. Ke4 Kc6 50. h4 Kc5 51. g5 Be5 52. g6 h5 53. Kd3 Kd5 54. Ke3 Bg3 55. Kf3 Bxh4 56. Kf4 Bg5+ 57. Kg3 Ke5 58. Kf3 Kxf5 59. Kg3 Kxg6 60. Kh3 0-1

[Event "Early-Titled-Tuesday-Blitz-October-17-2023"]
[Site "Chess.com"]
[Date "2023.10.17"]
[Round "2"]
[White "ChessSkool"]
[Black "GMaka"]
[Result "1-0"]
[WhiteElo "2673"]
[BlackElo "2458"]
[TimeControl "180+1"]
[EndTime "8:20:06 PDT"]
[Termination "ChessSkool won on time"]

1. e4 c6 2. Nc3 d5 3. Nf3 Nf6 4. e5 Ne4 5. Ne2 e6 6. d3 Nc5 7. Bg5 Be7 8. h4 h6 9. Bxe7 Qxe7 10. Qd2 Ncd7 11. Rh3 c5 12. Rg3 Rg8 13. c3 b6 14. Nf4 g6 15. O-O-O Nc6 16. Re1 Ba6 17. Kb1 O-O-O 18. d4 Bxf1 19. Rxf1 c4 20. Ne2 Rh8 21. Re1 b5 22. h5 g5 23. Nh2 Kb7 24. Ng4 b4 25. cxb4 Qxb4 26. Qxb4+ Nxb4 27. Nc1 a5 28. Rf1 Nc6 29. Ne2 Rdg8 30. f4 gxf4 31. Rxf4 Nd8 32.
Ne3 Rg5 33. Rh3 Rhg8 34. g4 Nb8 35. Rhf3 Nbc6 36. a3 Kc7 37. Kc2 Kd7 38. Kc3 Ke7 39. Rf6 Rh8 40. Ng2 Rxg4 41. Ngf4 Nb8 42. Rg3 Rxg3+ 43.
Nxg3 Nd7 44. Nxd5+ exd5 45. Rd6 Ne6 46. Nf5+ Ke8 47.
Rxd5 Nf4 48. Rxa5 Nf8 49. Ra8+ Kd7 50. Kxc4 Ke6 51. Nd6 Nd5 52. Re8+ Ne7 53. a4 Kd7 54.
a5 Nfg6 55. hxg6 1-0

[Event "Early-Titled-Tuesday-Blitz-October-17-2023"]
[Site "Chess.com"]
[Date "2023.10.17"]
[Round "2"]
[White "Gravity_Chess"]
[Black "biostatistician"]
[Result "1-0"]
[WhiteElo "2855"]
[BlackElo "2579"]
[TimeControl "180+1"]
[EndTime "8:20:08 PDT"]
[Termination "Gravity_Chess won on time"]

1. b3 d5 2. Bb2 Bg4 3. d3 c5 4. Nd2 Nc6 5. Ngf3 f6 6. h3 Bh5 7. e4 d4 8. g4 Bf7 9. e5 Bd5 10.
exf6 exf6 11. Qe2+ Qe7 12. Qxe7+ Ngxe7 13. O-O-O Ng6 14. Ne4 Be7 15. Re1 O-O-O 16. Kb1 h5 17. gxh5 Rxh5 18. Rg1 Bf7 19. Bc1 Rh7 20. h4 Nge5 21. Nxe5 Nxe5 22.
Bh3+ Kc7 23. Bf4 Rxh4 24. Bxe5+ fxe5 25. Rxg7 Rf8 26. Be6 Rf4 27. Rh1 Kd8 28. Bxf7 R8xf7 29. Rxf7 Rxf7 30. Rh5 b6 31. Rxe5 Bh4 32. b4 cxb4 33.
Rd5+ Kc7 34. Rxd4 Bxf2 35. Rc4+ Kd7 36. Rxb4 Be1 37. Rd4+ Kc6 38. Kb2 a5 39. Rd6+ Kc7 40. Rg6 Bf2 41. a4 Bd4+ 42. Kb3 Rf3 43. Kc4 Be3 44.
Rg3 Rxg3 45. Nxg3 Kc6 46. Nf5 Bf2 47. Nd4+ Kb7 48. Kd5 Kc7 49. Nb5+ Kd7 50. Nc3 Bg1 51. Kc4 Kc6 52. Ne2 Be3 53. Ng3 Bf2 54. Nf5 Bg1 55.
d4 Bf2 56. Kd3 Bg1 57. c4 Bf2 58. Ke4 Bg1 59. Ke5 Bh2+ 60. Ke6 Bf4 61. Ne7+ Kb7 62. d5 1-0

[Event "Early-Titled-Tuesday-Blitz-October-17-2023"]
[Site "Chess.com"]
[Date "2023.10.17"]
[Round "2"]
[White "KChor05TTV"]
[Black "MasterKroket"]
[Result "0-1"]
[WhiteElo "2702"]
[BlackElo "2541"]
[TimeControl "180+1"]
[EndTime "8:20:09 PDT"]
[Termination "MasterKroket won by resignation"]

1. d4 Nf6 2. Nf3 e6 3. c4 Bb4+ 4. Bd2 a5 5. g3 O-O 6. Bg2 d6 7.
O-O Bxd2 8. Qxd2 Qe7 9. Nc3 e5 10. e4 Nc6 11. d5 Nb8 12. Ne1 Na6 13. a3 Nc5 14. Rb1 a4 15. Nd3 Nb3 16. Qe3 Nd4 17.
f4 c5 18. dxc6 bxc6 19. c5 dxc5 20. Nxe5 Ba6 21. Rf2 Bb5 22. h3 Nd7 23. Nf3 Nxf3+ 24. Qxf3 Nb6 25. e5 Rad8 26. Re1 Rd3 27. Qg4 Nc4 28.
Ne4 Ne3 29. Qh5 Qe6 30. Nxc5 Qc4 31. Nxd3 Qxd3 32. Bf3 Qd4 33. f5 Bd3 34. Qh4 Nxf5 35. Qxd4 Nxd4 36. Rd1 Nxf3+ 37. Rxf3 Be4 38. Rf4 Bc2 39.
Rc1 Bb3 40. Rxc6 g6 41. Kf2 Rd8 42. Ke3 Rd1 43. Rf2 Rg1 44. Kf4 Kg7 45. g4 Rh1 46. Rf3 Bd5 47. Rcc3 Bxf3 48. Rxf3 Rh2 49. b4 axb3 50.
Rxb3 Ra2 51. Ke4 Kh6 52. Kd4 Kg5 53. Kd5 Rd2+ 54. Kc4 Kf4 55. a4 Kxe5 56. Ra3 Rd8 57.
a5 f5 58. gxf5 Kxf5 59. a6 g5 60. a7 Ra8 61. Kb5 h5 62. Kb6 g4 63. h4 Kf4 64.
Kb7 Rxa7+ 65. Rxa7 g3 66. Ra2 Kg4 67. Ra4+ Kh3 68.
Kc6 g2 69. Ra3+ Kxh4 70. Ra4+ Kg3 71. Ra3+ Kh2 72. Ra2 Kh1 73. Ra1+ g1=Q 74. Rxg1+ Kxg1 75. Kd5 Kg2 76. Ke4 h4 77. Kf4 h3 0-1

[Event "Early-Titled-Tuesday-Blitz-October-17-2023"]
[Site "Chess.com"]
[Date "2023.10.17"]
[Round "2"]
[White "iJueles"]
[Black "tarno17"]
[Result "1/2-1/2"]
[WhiteElo "2436"]
[BlackElo "2138"]
[TimeControl "180+1"]
[EndTime "8:20:09 PDT"]
[Termination "Game drawn by repetition"]

1. d4 d5 2. c4 e6 3. Nf3 Nf6 4. Nc3 Be7 5. Bg5 O-O 6. e3 h6 7.
Bh4 b6 8. cxd5 exd5 9. Be2 Nbd7 10. O-O Bb7 11. Rc1 c5 12. Qa4 Ne4 13. Bxe7 Qxe7 14.
Rfd1 Ndf6 15. dxc5 Nxc3 16. Rxc3 bxc5 17. Qa3 Rfc8 18. Rdc1 Ne4 19. R3c2 Qf6 20. Bd3 Rc7 21. Bxe4 dxe4 22. Nd2 Rac8 23. Qxa7 Bd5 24. Qa3 Ra8 25. Qc3 Rxa2 26. Qxf6 gxf6 27. h3 c4 28. Nxc4 Bxc4 29. Rxc4 Rxc4 30. Rxc4 Rxb2 31. Rxe4 Kg7 32. Rg4+ Kh7 33.
e4 h5 34. Rf4 Kg6 35. Kh2 Re2 36. Kg3 Kg5 37. Rf5+ Kg6 38. f3 Re3 39. Kf4 Re2 40.
g3 Rf2 41. Rc5 Re2 42. Rc8 Rf2 43. Rh8 Rf1 44. h4 Rf2 45. Ke3 Rf1 46. Rg8+ Kh7 47.
Rf8 Kg7 48. Rb8 Re1+ 49. Kf4 Rf1 50. Rb2 Kg6 51. Ke3 Re1+ 52. Kf2 Rh1 53. Rb5 Rh2+ 54.
Ke3 Rh1 55. f4 Re1+ 56. Kf2 Rc1 57. f5+ Kg7 58. Rb3 Rc4 59. Kf3 Kh6 60. Rb8 Rc3+ 61. Kf4 Kg7 62. g4 hxg4 63. Kxg4 Re3 64. Re8 Re1 65.
h5 Rg1+ 66. Kf4 Rh1 67. Kg4 Rg1+ 68. Kh4 Rh1+ 69. Kg4 Rg1+ 1/2-1/2

[Event "Early-Titled-Tuesday-Blitz-October-17-2023"]
[Site "Chess.com"]
[Date "2023.10.17"]
[Round "2"]
[White "nelsi"]
[Black "whitemirrorninja"]
[Result "1/2-1/2"]
[WhiteElo "2292"]
[BlackElo "2505"]
[TimeControl "180+1"]
[EndTime "8:20:12 PDT"]
[Termination "Game drawn - insufficient material"]

1. e4 c6 2. d4 d5 3. Nc3 dxe4 4. Bc4 e6 5. f3 exf3 6. Nxf3 Nf6 7. O-O c5 8. d5 exd5 9. Nxd5 Be6 10. Nxf6+ gxf6 11. Qe2 Qb6 12. Re1 Nd7 13. Bf4 Be7 14. Rad1 O-O-O 15. Bxe6 fxe6 16. Qxe6 Qxe6 17. Rxe6 Rhe8 18. Rde1 Ne5 19.
Nxe5 fxe5 20. R6xe5 Kd7 21. Rxe7+ Rxe7 22. Rxe7+ Kxe7 23. Bg5+ Kd7 24. Bxd8 Kxd8 25. Kf2 Kd7 26. Ke3 Ke6 27. Ke4 a5 28. h4 b5 29. g4 a4 30. a3 Kd6 31. g5 b4 32. h5 c4 33.
Kd4 c3 34. bxc3 bxa3 35. g6 hxg6 36. h6 a2 37. h7 a1=Q 38. h8=Q Qg1+ 39. Kc4 Qc5+ 40.
Kd3 Qf5+ 41. Kc4 Qxc2 42. Qf6+ Kd7 43. Qg7+ Ke6 44. Qg8+ Kf5 45. Qd5+ Kf4 46. Qd6+ Kf3 47. Qf6+ Kg4 48. Qe6+ Qf5 49. Qe2+ Kg5 50. Kb4 Qf4+ 51. c4 Kh4 52. Kxa4 g5 53. Kb5 g4 54. c5 g3 55. c6 Qf2 56. Qe7+ Kh3 57. c7 Qf5+ 58. Kb6 g2 59. Qa3+ Kh2 60. Qb2 Kh1 61. Qxg2+ Kxg2 62. Kb7 Qb5+ 63. Ka8 Qc6+ 64. Kb8 Qb6+ 65. Ka8 Qa6+ 66. Kb8 Kf3 67. c8=Q Qb6+ 68. Qb7+ Qxb7+ 69. Kxb7 1/2-1/2

[Event "Early-Titled-Tuesday-Blitz-October-17-2023"]
[Site "Chess.com"]
[Date "2023.10.17"]
[Round "2"]
[White "Lion-Al-Messi"]
[Black "esrosenberg"]
[Result "1-0"]
[WhiteElo "2648"]
[BlackElo "2383"]
[TimeControl "180+1"]
[EndTime "8:20:14 PDT"]
[Termination "Lion-Al-Messi won on time"]

1. e4 e5 2. Nf3 Nc6 3. Bb5 Nf6 4.
O-O Nxe4 5. d4 Nd6 6. Bxc6 dxc6 7. dxe5 Nf5 8. Qxd8+ Kxd8 9. Nc3 Ne7 10. Be3 Ke8 11.
Rad1 Ng6 12. h3 Be7 13. Rd2 Be6 14. Rfd1 Rd8 15. Rxd8+ Bxd8 16. Bxa7 b6 17. a4 h6 18. b4 Ke7 19. a5 Bc4 20. axb6 cxb6 21. Na4 Bd5 22. Nxb6 Bxf3 23. gxf3 Nxe5 24. Nc8+ Ke6 25. f4 Nf3+ 26. Kg2 Nh4+ 27. Kf1 Bc7 28. Re1+ Kd7 29. Ne7 Bxf4 30. Bc5 Re8 31. Rd1+ Kc7 32. Ra1 Kd7 33.
Ra7+ Ke6 34. Nxc6 Kd5 35. Nd4 Kc4 36. Rxf7 g5 37. Ne2 Bd2 38. f4 Bxb4 39. Bxb4 Kxb4 40. fxg5 hxg5 41. Kf2 Kc4 42. Rc7+ Kd5 43. Rg7 Re5 44. Ng3 Kc4 45. Rc7+ Kb4 46. c3+ Kb5 47. Ne2 Kb6 48. Rg7 Rf5+ 49. Ke3 Re5+ 50. Kd3 Kc5 51. Nd4 Kb6 52. c4 Ra5 53. Nb3 Rf5 54. c5+ Ka6 55.
Kc4 Rf4+ 56. Kd5 Rf3 57. Nd4 Rxh3 58. c6 Rd3 59. Rf7 Kb6 60. Rb7+ Ka6 61. Rb4 Nf5 62. Kc5 Rxd4 63. Rb1 1-0

[Event "Early-Titled-Tuesday-Blitz-October-17-2023"]
[Site "Chess.com"]
[Date "2023.10.17"]
[Round "2"]
[White "Tsyhanchuk_Stanislav"]
[Black "Deadmold"]
[Result "1-0"]
[WhiteElo "2458"]
[BlackElo "2193"]
[TimeControl "180+1"]
[EndTime "8:20:14 PDT"]
[Termination "Tsyhanchuk_Stanislav won on time"]

1. e4 Nf6 2. e5 Nd5 3. c4 Nb6 4. d4 d6 5. f4 dxe5 6. fxe5 c5 7. d5 e6 8. Nc3 exd5 9. cxd5 Qh4+ 10. g3 Qd4 11. Bf4 g5 12. Qxd4 cxd4 13. Nb5 gxf4 14. Nc7+ Kd8 15. Nxa8 Nxa8 16. gxf4 Bh6 17. Nf3 Bxf4 18.
h3 Nd7 19. e6 fxe6 20. dxe6 Nc5 21. Nxd4 Nxe6 22. Rd1 Kc7 23. Nb5+ Kb6 24. Bc4 Nac7 25. Nc3 Bg3+ 26. Ke2 Re8 27. Kf3 Be5 28. a4 Nd4+ 29. Kg2 Be6 30. a5+ Kxa5 31. Ra1+ Kb6 32. Bxe6 Ncxe6 33. Rhe1 Nf4+ 34. Kf1 Bd6 35. Rxe8 Nxh3 36. Kg2 Nf4+ 37. Kf1 Nd3 38. Nd5+ Kc5 39. Ne3 Nxb2 40. Rc1+ Kb4 41. Nc2+ Nxc2 42. Rxc2 Na4 43. Re4+ Kb3 44. Rd2 Bb4 45. Rd3+ Nc3 46. Rh4 a5 47. Rxh7 a4 48.
Rxb7 a3 49. Ra7 a2 50. Rg3 Kb2 51. Rg4 a1=Q+ 52. Rxa1 Kxa1 53. Rxb4 Ka2 54. Ke1 Ka3 55. Rb8 Na4 56. Kd2 Nb2 57. Kc3 Na4+ 58. Kc4 Nb2+ 59.
Kc3 Na4+ 60. Kc2 Nc5 61. Rb5 1-0

[Event "Early-Titled-Tuesday-Blitz-October-17-2023"]
[Site "Chess.com"]
[Date "2023.10.17"]
[Round "2"]
[White "Zurability"]
[Black "FoxOnTheRun97"]
[Result "1-0"]
[WhiteElo "2751"]
[BlackElo "2548"]
[TimeControl "180+1"]
[EndTime "8:20:17 PDT"]
[Termination "Zurability won by resignation"]

1. Nf3 Nf6 2. g3 d5 3. Bg2 Bf5 4. O-O c6 5. d3 h6 6. Be3 e6 7. c4 Nbd7 8. Qb3 Qc8 9. Nc3 Be7 10. Rac1 dxc4 11. Qxc4 O-O 12. b4 Nb6 13. Qb3 Nbd5 14.
Nxd5 Nxd5 15. Bd2 Nc7 16. a4 a6 17. Bf4 Bf6 18. Be5 Qd8 19. Bxf6 Qxf6 20. Rc5 Rfd8 21. Rfc1 Bg6 22. Ne5 Rd6 23. Nc4 Rdd8 24. Na5 Rab8 25. R5c2 Nd5 26. b5 cxb5 27. axb5 axb5 28. Qxb5 Qe7 29.
Nc4 Qd7 30. Qxd7 Rxd7 31. Ne5 Re7 32. Rc8+ Rxc8 33. Rxc8+ Kh7 34. g4 f6 35. Nxg6 Kxg6 36. Be4+ Kf7 37. Rb8 Nc3 38. Bf3 b5 39. d4 Ra7 40. e3 Ra1+ 41. Kg2 Rb1 42. Rb7+ Kf8 43. h4 b4 44. g5 hxg5 45. hxg5 fxg5 46. Bh5 Nd5 47. Rf7+ Kg8 48. Rb7 Kh7 49. Bg4 Rb2 50. Kg3 Nf6 51. Bxe6 Ne4+ 52. Kg4 Nxf2+ 53. Kxg5 Ne4+ 54.
Kf4 Nf6 55. Bf5+ Kh6 56. Rb8 g5+ 57. Ke5 Nh5 58. Rh8+ Kg7 59. Rxh5 b3 60. Rxg5+ Kf7 61. Be6+ Ke7 62. Rg7+ Kf8 63. Rf7+ Ke8 64. Rb7 Re2 65.
Rxb3 Kd8 66. d5 Kc7 67. d6+ Kc6 68. Rc3+ Kb7 69. d7 1-0

[Event "Early-Titled-Tuesday-Blitz-October-17-2023"]
[Site "Chess.com"]
[Date "2023.10.17"]
[Round "2"]
[White "Firouzja2003"]
[Black "Ramosha"]
[Result "1-0"]
[WhiteElo "3075"]
[BlackElo "2626"]
[TimeControl "180+1"]
[EndTime "8:20:18 PDT"]
[Termination "Firouzja2003 won by resignation"]

1. d4 Nf6 2. c4 e6 3. a3 d5 4. cxd5 exd5 5. Nc3 c6 6. Qc2 Bd6 7. Bg5 h6 8. Bh4 O-O 9. e3 Re8 10. Bd3 Nbd7 11. Nf3 Nf8 12. O-O Bg4 13. Nd2 Bh5 14. Rae1 Bg6 15. e4 dxe4 16. Ndxe4 Be7 17. Nxf6+ Bxf6 18. Rxe8 Qxe8 19. Bxf6 gxf6 20. Qd2 Kg7 21. Re1 Qd7 22.
Bc4 Rd8 23. d5 cxd5 24. Nxd5 Re8 25. Rd1 Qd6 26. h3 Qe5 27. Nf4 b5 28. Bf1 a5 29.
b4 axb4 30. Qxb4 Qf5 31. Rd5 Re5 32. Rxe5 fxe5 33. Nxg6 Nxg6 34. Qxb5 Nf4 35. a4 Qg5 36. g3 Ne6 37. a5 Nd4 38. Qd3 Qf6 39. Qe4 Nf3+ 40. Kg2 Ng5 41. Qd5 e4 42. h4 Qf3+ 43. Kg1 Ne6 44. a6 Qa3 45. Qxe4 Nc5 46. Qe3 Qa5 47.
Qd4+ f6 48. Qg4+ Kf8 49. Qc4 Kg7 50. Qb5 Qc7 51. Qb4 Qa7 52. Qg4+ Kf8 53. Qg6 Qb6 54. Qxh6+ Ke7 55. a7 Ne4 56. Qe3 Qxe3 57. fxe3 1-0

[Event "Early-Titled-Tuesday-Blitz-October-17-2023"]
[Site "Chess.com"]
[Date "2023.10.17"]
[Round "2"]
[White "eightbyeightchess"]
[Black "familijatop71"]
[Result "1-0"]
[WhiteElo "2438"]
[BlackElo "2125"]
[TimeControl "180+1"]
[EndTime "8:20:18 PDT"]
[Termination "eightbyeightchess won on time"]

1. e4 d5 2. exd5 Qxd5 3. d4 Nc6 4. Nf3 e5 5. Nc3 Bb4 6. dxe5 Qxd1+ 7. Kxd1 Bxc3 8.
bxc3 Bg4 9. Bf4 O-O-O+ 10. Kc1 Nge7 11. Bg5 h6 12. Bxe7 Nxe7 13. h3 Bxf3 14. gxf3 Ng6 15. f4 Nxf4 16. Rg1 g6 17. Rg4 Nd5 18. Bc4 Nxc3 19.
Bxf7 g5 20. Rc4 Ne2+ 21. Kb2 Nf4 22. e6 Nxh3 23. e7 Rde8 24. Be6+ Kb8 25. Bxh3 Rxe7 26.
f4 Re3 27. Bg2 g4 28. f5 h5 29. f6 Rf8 30. Rh1 Re5 31. Rf4 c6 32. f7 Kc7 33. Bf1 Rg5 34. Bc4 g3 35. Rg1 b5 36.
Bb3 a5 37. a4 Kb6 38. axb5 cxb5 39.
Rf6+ Kc5 40. Rf4 a4 41. Be6 b4 42. Rf5+ Rxf5 43. Bxf5 Rxf7 44. Bg6 Rf3 45. Bxh5 a3+ 46. Ka2 Re3 47. Bd1 Kd4 48. Rg2 Kc3 49. Rg1 Kc4 50.
Kb1 Kc3 51. Bh5 b3 52. cxb3 Kxb3 53. Bf7+ Kb4 54. Bd5 Rd3 55. Be4 Re3 56. Bc2 Kc3 57. Bd1 Rd3 58. Bh5 Re3 59. Ka2 Kb4 60. Rg2 Rc3 61.
Bd1 Re3 62. Bh5 Rc3 63. Bf7 Re3 64. Bd5 Rd3 65. Ba8 Re3 66. Rc2 Rc3 67. Rd2 Rb3 68. Rd4+ Kc3 69. Rg4 Kd2 70. Kxb3 1-0

[Event "Early-Titled-Tuesday-Blitz-October-17-2023"]
[Site "Chess.com"]
[Date "2023.10.17"]
[Round "2"]
[White "WPWPWP-2015"]
[Black "The_Machine04"]
[Result "1-0"]
[WhiteElo "2541"]
[BlackElo "2694"]
[TimeControl "180+1"]
[EndTime "8:20:19 PDT"]
[Termination "WPWPWP-2015 won on time"]

1. e4 d6 2. d4 Nf6 3. Nc3 e5 4. Nf3 Nbd7 5. Bc4 Be7 6. a4 c6 7. a5 h6 8. O-O Qc7 9. Re1 Nf8 10. h3 g5 11. Nh2 Ng6 12. d5 Kf8 13. a6 b5 14. Bf1 b4 15. Na2 c5 16. g3 Rb8 17.
b3 Rb6 18. Bb2 Bxa6 19. Nc1 Bxf1 20. Nxf1 Qd7 21. Kg2 h5 22. Nd3 h4 23. g4 Nf4+ 24.
Kh2 Rb7 25. Qf3 Rc7 26. Ne3 Ne8 27. Ra6 Ng7 28. Rea1 f6 29. Nc4 Kf7 30. Ne1 Rb8 31. Ng2 Kg6 32. Bc1 Rbb7 33. Nge3 Bf8 34. Nf5 Nxf5 35. gxf5+ Kh6 36. Bxf4 exf4 37. Rg1 Qb5 38. Ra5 Qe8 39. Qg2 Rd7 40. f3 Qh5 41. Qf2 Be7 42.
Kg2 Bd8 43. Ra6 Bb6 44. Rga1 Qe8 45. Qd2 Qf8 46. R1a2 Qe7 47. Qc1 Kh5 48. Qa1 Kh6 49.
Qb2 Kh5 50. Kf2 Kh6 51. Ke2 Qf7 52. Qa1 Kg7 53. Kd3 Qh5 54. Qf1 Qf7 55. R6a4 Kh6 56. Qg2 Qh5 57. Qe2 Qf7 58. Qd1 Qe7 59. Qa1 Qf7 60.
Ke2 Qe7 61. Ra6 Qf7 62. Nd2 Qe8 63. Nc4 Qf7 64. Kf2 Kg7 65. Kg2 Kh6 66. R6a4 Qe7 67. Qf1 Kg7 68. Nb2 Qe8 69. Qb5 Qe7 70. Kf1 Rdc7 71.
Ra6 Kh6 72. Qd3 1-0

[Event "Early-Titled-Tuesday-Blitz-October-17-2023"]
[Site "Chess.com"]
[Date "2023.10.17"]
[Round "2"]
[White "profedechess93"]
[Black "Cayse"]
[Result "0-1"]
[WhiteElo "2606"]
[BlackElo "2894"]
[TimeControl "180+1"]
[EndTime "8:20:20 PDT"]
[Termination "Cayse won by resignation"]

1. e4 e5 2. Nf3 Nc6 3. Bc4 Nf6 4. d3 Bc5 5. c3 O-O 6. Bb3 d5 7. Qe2 Re8 8. Bg5 dxe4 9. dxe4 h6 10. Bh4 Qd6 11. Nbd2 Nh5 12. Nc4 Qg6 13. O-O-O Nf4 14. Qc2 Qxg2 15. Nfd2 Bg4 16. Rde1 Bxf2 17. Bxf2 Qxf2 18.
Kb1 Be2 19. Ka1 Bxc4 20. Bxc4 Rad8 21. Rd1 Na5 22. Rhf1 Qxh2 23. Qc1 Nxc4 24. Nxc4 Qh5 25. Rxd8 Rxd8 26. a3 b5 27. Nxe5 Qxe5 28. Rxf4 g6 29. Rh4 h5 30. Qe1 Rd3 31. Rh1 c5 32. Rf1 Qe6 33. Qf2 c4 34. Qxa7 h4 35. Qb8+ Kg7 36.
Qxb5 h3 37. Qg5 h2 38. Qh4 Rh3 39. Qe1 Qe5 40. Qf2 Qe7 41. Qd4+ Kh7 42. Qd1 Kg8 43.
e5 Qxe5 44. Qd8+ Kg7 45. Qd1 Qe6 46. Rh1 Kh7 47. Ka2 Qe5 48. Qf1 Rh4 49. Qxf7+ Kh6 50. Qf2 Qe4 51. Qf1 g5 52. Qc1 Rh3 53. Qd1 Kg6 54. Qd6+ Kh5 55. Rd1 h1=Q 56. Qf8 Qxd1 57. Qh8+ Kg4 58. Qg8 Kg3 59. Qxg5+ Kh2 60. Qd2+ Qxd2 61.
Ka1 Qee1+ 62. Ka2 Qxb2+ 63. Kxb2 Qxc3+ 64. Kb1 Qb3+ 65. Ka1 Qxa3+ 0-1

[Event "Early-Titled-Tuesday-Blitz-October-17-2023"]
[Site "Chess.com"]
[Date "2023.10.17"]
[Round "2"]
[White "Haykoooo0o"]
[Black "lluiss"]
[Result "1-0"]
[WhiteElo "2447"]
[BlackElo "2143"]
[TimeControl "180+1"]
[EndTime "8:20:23 PDT"]
[Termination "Haykoooo0o won by resignation"]

1. b3 d5 2. Bb2 Bf5 3. Nf3 e6 4. g3 h6 5. Bg2 Nf6 6. O-O Be7 7. d3 O-O 8. Nbd2 c6 9. Ne5 Nbd7 10. e4 Bh7 11. exd5 exd5 12. Ndf3 Nxe5 13. Nxe5 Nd7 14.
Ng4 Nf6 15. Ne3 Nd7 16. Qf3 Bf6 17. Bxf6 Qxf6 18. Qxf6 Nxf6 19. Rfe1 Rfe8 20. f4 Re7 21. Nf1 Rae8 22. Rxe7 Rxe7 23. Kf2 Bf5 24. h3 g5 25. fxg5 hxg5 26. Re1 Rxe1 27. Kxe1 Kf8 28.
Kd2 Ke7 29. c4 Bg6 30. cxd5 Nxd5 31. Bxd5 cxd5 32. Kc3 Kd6 33. Kd4 f5 34. Nd2 Bh5 35. b4 b6 36. Ke3 Ke5 37. d4+ Kf6 38. Nb1 Be8 39. Nc3 Ke6 40. h4 f4+ 41. gxf4 gxh4 42. Nd1 Bg6 43. Nf2 Bf5 44. Kf3 a5 45. a3 axb4 46. axb4 Kd6 47. Nd1 Kc6 48. Ne3 Be4+ 49. Kg4 Kb5 50. f5 Kxb4 51. f6 Bg6 52. Nxd5+ Kc4 53. Nf4 Bf7 54. d5 Kc5 55. Kxh4 b5 56. Kg5 b4 57. Kf5 b3 58. Ke5 Kc4 59. d6 b2 60. d7 b1=Q 61. d8=Q Qe1+ 62. Kf5 Qb1+ 63. Kg5 Qc1 64. Qc7+ Kb3 65. Qxc1 1-0